 Dungeon Crawl Stone Soup version 0.30-a0-272-gf98c3da03f (webtiles) character file.

Game seed: 3424007097438316418

2895 koil the Covert (level 9, -4/45 HPs)
             Began as a Spriggan Enchanter on Oct 15, 2022.
             Was a Priest of Okawaru.
             Killed from afar by an electric eel (13 damage)
             ... with a bolt of electricity
             ... on level 7 of the Dungeon.
             The game lasted 00:23:28 (7528 turns).

koil the Covert (Spriggan Enchanter)                Turns: 7528, Time: 00:23:29

Health: -4/45      AC:  3    Str:  4    XL:     9   Next: 49%
Magic:  14/20      EV: 22    Int: 16    God:    Okawaru [***...]
Gold:   396        SH:  0    Dex: 20    Spells: 15/21 levels left

rFire   x . .      SeeInvis +    a - +1 dagger
rCold   + . .      Faith    .    (no shield)
rNeg    . . .      Spirit   .    b - +1 robe
rPois   .          Reflect  .    (helmet restricted)
rElec   .          Harm     .    (no cloak)
rCorr   .          Rampage  .    (gloves unavailable)
Will    +....                    (boots unavailable)
Stlth   ++++......               (no amulet)
HPRegen 0.27/turn                B - ring of ice
MPRegen 0.17/turn                (no ring)

@: very quick
A: very small, no large weapons, unfitting armour, see invisible, speed 3
a: Renounce Religion, Heroism


You were on level 7 of the Dungeon.
You worshipped Okawaru.
Okawaru was most pleased with you.
You visited 2 branches of the dungeon, and saw 8 of its levels.

You collected 396 gold pieces.

Inventory:

Hand Weapons
 a - a +1 dagger (weapon)
 o - a +1 flail
 p - a +2 battleaxe
 q - a +0 dagger of electrocution
 u - a +0 dagger of venom
 x - a +1 long sword of holy wrath
 y - a +0 dagger of venom
Armour
 b - a +1 robe (worn)
Jewellery
 B - a ring of ice (left hand)
Wands
 n - a wand of light (9)
 s - a wand of flame (6)
 v - a wand of digging (4)
 z - a wand of mindburst (4)
 A - a wand of paralysis (15)
Scrolls
 d - 2 scrolls of identify
 f - a scroll of summoning
 g - 4 scrolls of fog
 i - a scroll of enchant armour
 m - 2 scrolls of blinking
 r - 4 scrolls of teleportation
 w - 2 scrolls of fear {unknown}
 D - 2 scrolls of vulnerability {unknown}
Potions
 c - 3 potions of invisibility
 e - 3 potions of berserk rage
 h - 2 potions of might
 j - a potion of brilliance
 k - 2 potions of curing
 l - 7 potions of flight
 t - a potion of magic {unknown}
 C - a potion of cancellation


   Skills:
 + Level 4.0 Fighting
 + Level 5.4 Short Blades
 + Level 7.2 Dodging
 + Level 9.1 Stealth
 + Level 6.7 Spellcasting
 + Level 7.2 Hexes
 - Level 5.0 Evocations


You had 15 spell levels left.
You knew the following spells:

 Your Spells              Type           Power      Damage    Failure   Level
a - Ensorcelled Hibernat  Hex/Ice        50%        N/A       4%          2
b - Confusing Touch       Hex            28%        N/A       1%          3
c - Freeze                Ice            32%        1d5       13%         1

Your spell library contained the following spells:

 Spells                   Type           Power      Damage    Failure   Level
 Dazzling Flash           Conj/Hex       32%        N/A       9%          3
 Portal Projectile        Hex/Tloc       32%        N/A       9%          3
 Passwall                 Tmut/Erth      4%         N/A       19%         2
 Leda's Liquefaction      Hex/Erth       8%         N/A       28%         4
 Frozen Ramparts          Ice            16%        1d3       36%         3
 Hailstorm                Conj/Ice       8%         3d4       36%         3
 Ignite Poison            Fire/Tmut/Pois 5%         N/A       36%         3
 Kindle Blastsparks       Fire/Tloc/Air  10%        2d10      36%         3
 Swiftness                Air            5%         N/A       36%         3
 Freezing Cloud           Conj/Ice/Air   4%         6-21      98%         5
 Tukima's Dance           Hex            Unusable   N/A       N/A         3
 Call Canine Familiar     Summ           Unusable   N/A       N/A         3

Dungeon Overview and Level Annotations

Branches:
Dungeon (7/15)             Temple (1/1) D:4

Altars:
Ashenzari
Dithmenos
Fedhas
Gozag
Hepliaklqana
Kikubaaqudgha
Makhleb
Nemelex Xobeh
Okawaru
Qazlal
Ru
Sif Muna
Trog
Uskayaw
Vehumet
Wu Jian
Xom
Yredelemnul
Zin
The Shining One

Shops:
D:6 *


Innate Abilities, Weirdness & Mutations

You are very small and have problems with some larger weapons.
You are too small for most types of armour.
You have supernaturally acute eyesight. (SInv)
You cover ground extremely quickly. (Speed+++)


Message History

Aim: an electric eel (chance to affect: 65%)
You feel a surge of power!
The electric eel looks drowsy...
The electric eel shoots out a bolt of lightning at you!
The bolt of electricity hits the electric eel.
The electric eel completely resists.
The bolt of electricity hits you!
The bolt of electricity hits the plant!
You barely miss the electric eel.
A nearby plant withers and dies.
Casting: Ensorcelled Hibernation (safe; 4% risk of failure)
Confirm with . or Enter, or press ? or * to list all spells.
Your hands begin to glow red.
You barely miss the electric eel.
A nearby plant withers and dies.
The electric eel shoots out a bolt of lightning at you!
The bolt of electricity misses you.
The electric eel shoots out a bolt of lightning at you!
The bolt of electricity hits you!
* * * LOW HITPOINT WARNING * * *
The bolt of electricity hits the plant!
The plant begins to die.
You feel better.
Casting: Confusing Touch (safe; 1% risk of failure)
Confirm with . or Enter, or press ? or * to list all spells.
Aiming: Ensorcelled Hibernation (safe; 4% risk of failure)
Press: ? - help, Shift-Dir - straight line, f - electric eel, p - electric eel
Aim: an electric eel (chance to confuse on hit: 67%, chance to affect: 65%)
You feel a surge of power!
The electric eel looks drowsy...
The electric eel shoots out a bolt of lightning at you!
The bolt of electricity hits you!
* * * LOW HITPOINT WARNING * * *
The bolt of electricity hits the plant!
The helpless electric eel fails to defend itself.
You hit the electric eel but do no damage.
The electric eel appears confused.
You catch the helpless electric eel completely off-guard!
You impale the electric eel!!
You kill the electric eel!
Okawaru accepts your kill.
Okawaru will now gift you throwing weapons as you gain piety.
You hear a splash.
The electric eel shoots out a bolt of lightning at you!
The bolt of electricity hits you!
You die...

♣~P~♣~P♣........... #
♣~P~PP≈~~P♣♣.......
##.#♣~PP≈≈≈~~~P♣♣♣#####
##..♣~~~~P≈≈≈≈≈~P~~♣####
#..P~~~~~~P~~≈~~~P~†♣...
...♣.~~.P~~~~~~~P~~†....
...!...~..~...~~P♣♣.....
........................
♣~~~.~@................
♣P♣~~†SP~~.~...........
#~♣~~~~P~~~P~##......# #
♣~P~♣♣~P♣♣########+#
#♣♣♣♣♣♣♣♣


You could see an electric eel.

Vanquished Creatures
  Grinder (D:5)
  Sigmund (D:3)
  A shadow (D:6)
  A wraith (D:7)
  An orc warrior (D:6)
  2 ice beasts (D:6)
  2 black bears
  A centaur (D:6)
  An ogre (D:6)
  2 phantoms
  A bullfrog (D:7)
  A gnoll sergeant (D:5)
  3 necrophages
  2 wights (D:5)
  A wyvern zombie (D:5)
  3 electric eels (D:7)
  A bullfrog zombie (D:5)
  5 hounds
  A human zombie (D:5)
  Jessica (D:2)
  9 iguanas
  Ijyb (D:5)
  2 orc wizards
  Terence (D:3)
  3 hound zombies (D:5)
  A mummy (D:5)
  A howler monkey zombie (D:5)
  8 gnolls
  8 adders
  A shadow imp (D:6)
  2 white imps
  An ufetubus (D:5)
  An adder zombie (D:5)
  3 worms (D:3)
  7 dart slugs
  17 orcs
  9 endoplasms
  3 giant cockroaches
  5 goblins
  7 hobgoblins
  2 quokkas (D:3)
  5 ball pythons
  7 bats
  5 frilled lizards
  7 kobolds
  6 rats
154 creatures vanquished.

Vanquished Creatures (others)
  3 plants (D:7)
3 creatures vanquished.

Grand Total: 157 creatures vanquished

Notes
Turn   | Place    | Note
-------+----------+-------------------------------------------
     0 | D:1      | koil the Spriggan Enchanter began the quest for the Orb.
     0 | D:1      | Reached XP level 1. HP: 9/9 MP: 5/5
    97 | D:1      | Reached XP level 2. HP: 13/13 MP: 6/6
   100 | D:1      | Learned a level 2 spell: Ensorcelled Hibernation
   655 | D:1      | Reached XP level 3. HP: 17/17 MP: 8/8
   659 | D:1      | Learned a level 3 spell: Confusing Touch
   911 | D:2      | Noticed Jessica
   941 | D:2      | Killed Jessica
   942 | D:2      | Reached skill level 5 in Stealth
   961 | D:2      | Reached skill level 1 in Fighting
  1029 | D:2      | Reached XP level 4. HP: 22/22 MP: 6/9
  1799 | D:3      | Reached XP level 5. HP: 14/25 MP: 8/11
  2062 | D:3      | Learned a level 1 spell: Freeze
  2093 | D:3      | Noticed Sigmund
  2095 | D:3      | Killed Sigmund
  2096 | D:3      | Reached XP level 6. HP: 30/30 MP: 11/13
  2259 | D:3      | Noticed Terence
  2264 | D:3      | Killed Terence
  2265 | D:3      | Reached skill level 6 in Stealth
  2297 | D:3      | Reached skill level 5 in Hexes
  2976 | D:4      | Reached skill level 1 in Evocations
  3105 | D:4      | Reached XP level 7. HP: 30/35 MP: 11/14
  3393 | D:4      | Reached skill level 5 in Dodging
  3556 | D:4      | Found a staircase to the Ecumenical Temple.
  3954 | Temple   | Entered the Ecumenical Temple
  4174 | Temple   | Became a worshipper of Warmaster Okawaru
  4354 | D:5      | Entered Level 5 of the Dungeon
  4699 | D:5      | Found a shadowy altar of Dithmenos.
  4840 | D:5      | Reached skill level 7 in Stealth
  4985 | D:5      | Found an ancient bone altar of Kikubaaqudgha.
  5014 | D:5      | Reached skill level 5 in Spellcasting
  5014 | D:5      | Reached XP level 8. HP: 31/39 MP: 12/16
  5155 | D:5      | Reached * piety under Okawaru
  5570 | D:5      | Found a radiant altar of Vehumet.
  5655 | D:5      | Noticed Grinder
  5656 | D:5      | Paralysed by Grinder for 2 turns
  5680 | D:5      | Killed Grinder
  5786 | D:5      | Noticed Ijyb
  5823 | D:5      | Killed Ijyb
  5824 | D:5      | Reached skill level 8 in Stealth
  5921 | D:5      | Found a hazy altar of Hepliaklqana.
  6242 | D:6      | Reached ** piety under Okawaru
  6448 | D:6      | Reached XP level 9. HP: 36/45 MP: 15/19
  6518 | D:6      | Reached skill level 5 in Short Blades
  6663 | D:6      | Found Zitzaj's Serpentskin Sales.
  6720 | D:6      | Noticed a +0 spear
  6720 | D:6      | Noticed a +0 dagger
  6720 | D:6      | Noticed a +0 short sword
  6720 | D:6      | Noticed a +0 dagger
  6720 | D:6      | Noticed a +0 falchion
  6722 | D:6      | Noticed a +0 short sword
  6723 | D:6      | Noticed a +0 falchion
  6724 | D:6      | Noticed a +0 spear
  6810 | D:6      | Found a hide-covered altar of Uskayaw.
  7380 | D:7      | Reached skill level 9 in Stealth
  7380 | D:7      | Reached skill level 5 in Evocations
  7394 | D:7      | Found a glowing golden altar of the Shining One.
  7394 | D:7      | Found a basalt altar of Yredelemnul.
  7395 | D:7      | Found a sacrificial altar of Ru.
  7395 | D:7      | Found a shimmering blue altar of Sif Muna.
  7397 | D:7      | Found a stormy altar of Qazlal.
  7528 | D:7      | Reached *** piety under Okawaru
  7528 | D:7      | Killed from afar by an electric eel

Illustrated notes

Levels and vault maps discovered:
D:1:      sevenhm_arrival_forest_fort_large_4, layout_basic
D:2:      layout_loops_cross, uniq_jessica
D:3:      minmay_diamond_boxcup, layout_loops_ring, kennysheep_minor_cross,
          uniq_sigmund, uniq_terence
D:4:      layout_basic, minmay_temple_entry_enclosed_plants
D:5:      layout_basic, lemuel_mausoleum_altar_kikubaaqudgha,
          grunt_dithmenos_smoke, vehumet_altar_wand_db,
          worldfamousw_hep_ancestral_shrine, minmay_misc_feat_more_columns,
          uniq_ijyb, uniq_grinder
D:6:      kennysheep_six_static_rooms, layout_gridville,
          nicolae_uskayaw_en_pointe, nicolae_lava_and_water, minivault_10,
          guppyfry_shop_venom
D:7:      layout_basic, grunt_temple_overflow_open, serial_bayou,
          serial_bayou_lagoon_a, serial_bayou_pond_d, serial_bayou_lake_a,
          serial_bayou_shore_b, serial_bayou_ford_a, serial_bayou_pond_e,
          minmay_three_doors
Temple:   nicolae_temple_bog_church

Skill      XL: |  1  2  3  4  5  6  7  8  9 |
---------------+----------------------------+-----
Spellcasting   | 3 4 5 6 |  6.7
Dodging        | 3 4 5 6 7 |  7.2
Stealth        | 5 6 7 8 9 |  9.1
Hexes          | 4 5 6 7 |  7.2
Fighting       | 1 2 3 4 |  4.0
Short Blades   | 2 3 4 5 |  5.4
Evocations     | 1 2 4 5 |  5.0

Action                   |  1- 3 |  4- 6 |  7- 9 || total
-------------------------+-------+-------+-------++-------
Melee: Dagger            |    94 |   163 |   363 ||   620
       Punch             |       |     1 |     7 ||     8
 Cast: Ensorcelled Hiber |    10 |    28 |    46 ||    84
       Confusing Touch   |       |     1 |    20 ||    21
  Use: Scroll            |       |       |    16 ||    16
       Potion            |       |       |     1 ||     1
 Stab: Sleeping          |    11 |    27 |    41 ||    79
       Confused          |       |     2 |    20 ||    22
Armor: Robe              |    10 |    17 |    19 ||    46
Dodge: Dodged            |    70 |   120 |   252 ||   442

Table legend: (Time is in decaauts)
 A = Elapsed time spent in this place.
 B = Non-inter-level travel time spent in this place.
 C = Inter-level travel time spent in this place.
 D = Time resting spent in this place.
 E = Time spent auto-exploring this place.
 F = Levels seen in this place.
 G = Mean time per level.
                   A        B        C        D        E       F      G
               +--------+--------+--------+--------+--------+-----+--------+
         Total |   5678 |   5458 |    220 |    229 |   3923 |   8 |  709.8 |
       Dungeon |   5401 |   5232 |    169 |    129 |   3836 |   7 |  771.6 |
        Temple |    276 |    225 |     51 |    100 |     87 |   1 |  276.0 |
               +--------+--------+--------+--------+--------+-----+--------+

Top non-repeatable levels by time:
     D:5: 1352 daAuts
     D:3: 918 daAuts
     D:6: 906 daAuts
     D:4: 800 daAuts
     D:1: 657 daAuts
     D:2: 604 daAuts
  Temple: 276 daAuts
     D:7: 160 daAuts
